 Dungeon Crawl Stone Soup version 0.27.1-35-g4d5d836560 (webtiles) character file.

Game seed: 1649215172326727361

2184 cbfl8 the Covered (level 9, 0/75 HPs)
             Began as a Minotaur Delver on Mar 27, 2022.
             Was an Initiate of Yredelemnul.
             Succumbed to a redback's poison
             ... on level 6 of the Dungeon.
             The game lasted 00:12:49 (7912 turns).

cbfl8 the Covered (Minotaur Delver)                 Turns: 7912, Time: 00:12:50

Health: 0/75       AC: 16    Str: 20    XL:     9   Next: 11%
Magic:  0/0        EV:  7    Int: 10    God:    Yredelemnul [......]
Gold:   400        SH:  7    Dex: 12    Spells: 8/8 levels left

rFire    . . .     SeeInvis .   y - +3 long sword (freeze)
rCold    . . .     Faith    .   i - +2 buckler
rNeg     + . .     Spirit   +   q - +0 plate armour
rPois    .         Reflect  .   (helmet restricted)
rElec    .         Harm     .   m - +2 cloak
rCorr    .         Rampage  .   (no gloves)
Will     .....                  (no boots)
Stlth    ..........             f - amulet of guardian spirit
HPRegen  0.22/turn              l - ring of wizardry
MPRegen  0.07/turn              o - ring "Quubb" {rN+ MP-9 Int+3 Slay+2}

@: mighty, lethally poisoned (0 -> -10), silenced
A: horns 2, retaliatory headbutt
a: Renounce Religion


You were on level 6 of the Dungeon.
You worshipped Yredelemnul.
Yredelemnul was noncommittal.
You visited 2 branches of the dungeon, and saw 7 of its levels.

You collected 400 gold pieces.

Inventory:

Hand Weapons
 a - a +0 hand axe
 e - a +4 hunting sling
 j - a +5 rapier
 y - a +3 long sword of freezing (weapon)
Armour
 b - a +0 leather armour
 h - a +0 ring mail
 i - a +2 buckler (worn)
 m - a +2 cloak (worn)
 q - a +0 plate armour (worn)
 x - +0 acid dragon scales
Jewellery
 f - an amulet of guardian spirit (around neck)
 l - a ring of wizardry (left hand)
 o - the ring "Quubb" (right hand) {rN+ MP-9 Int+3 Slay+2}
   (You acquired it on level 7 of the Dungeon)

   [ring of positive energy]

   Int:       It affects your intelligence (+3).
   Slay:      It affects your accuracy & damage with ranged weapons and melee
   (+2).
   rN:        It protects you from negative energy.
   MP:        It affects your magic capacity (-9).
 s - an amulet of guardian spirit
 A - a +4 ring of protection
Wands
 g - a wand of digging (3)
 p - a wand of acid (8)
 w - a wand of charming (10)
Scrolls
 c - a scroll of fog
 d - a scroll of magic mapping
 n - a scroll of immolation {unknown}
 t - a scroll of teleportation {unknown}
 u - a scroll of noise
 z - a scroll of identify
Potions
 r - a potion of brilliance
 B - 2 potions of flight


   Skills:
 + Level 6.2 Fighting
 + Level 5.2 Short Blades
 + Level 0.2(3.5) Long Blades
 + Level 5.7 Axes
 + Level 7.9 Armour
 + Level 3.2 Dodging
 + Level 5.6 Stealth
 + Level 4.3 Shields


You had 8 spell levels left.
You didn't know any spells.
Your spell library contained the following spells:

 Spells                   Type           Power      Damage    Failure   Level
 Ensorcelled Hibernation  Hex/Ice        0%         N/A       98%         2
 Static Discharge         Conj/Air       0%         N/A       98%         2
 Sublimation of Blood     Necr           0%         N/A       98%         2
 Spider Form              Tmut/Pois      0%         N/A       100%        3
 Dispel Undead            Necr           0%         3d6       100%        4
 Hailstorm                Conj/Ice       0%         3d3       100%        4
 Ice Form                 Ice/Tmut       0%         N/A       100%        4
 Petrify                  Tmut/Erth      0%         N/A       100%        4
 Sticky Flame             Conj/Fire      0%         2d3       100%        4
 Irradiate                Conj/Tmut      0%         3d14      100%        5
 Shadow Creatures         Summ           N/A        N/A       100%        6
 Simulacrum               Ice/Necr       0%         N/A       100%        6


Dungeon Overview and Level Annotations

Branches:
Dungeon (7/15)             Temple (1/1) D:7

Altars:
Ashenzari
Dithmenos
Elyvilon
Fedhas
Gozag
Hepliaklqana
Kikubaaqudgha
Makhleb
Nemelex Xobeh
Okawaru
Qazlal
Ru
Sif Muna
Trog
Vehumet
Xom
Yredelemnul
Zin
The Shining One

Shops:
D:5 *

Annotations:
D:6 2 runed translucent doors


Innate Abilities, Weirdness & Mutations

You have a pair of horns on your head.
You reflexively headbutt those who attack you in melee.


Message History

You closely miss the redback. Your headbutt misses the redback.
The redback is almost dead.
You feel mightier all of a sudden.
* * * LOW HITPOINT WARNING * * *
You feel very sick. The redback barely misses you.
The redback bites you but does no damage.
You closely miss the redback. You headbutt the redback.
You kill the redback!
Yredelemnul accepts your kill.
* * * LOW HITPOINT WARNING * * *
You feel very sick.
The water moccasin bites you but does no damage.
You slash the water moccasin!
The water moccasin seems to slow down.
You freeze the water moccasin. You headbutt the water moccasin.
The water moccasin is severely wounded.
* * * LOW HITPOINT WARNING * * *
You feel very sick.
The water moccasin bites you but does no damage.
Unknown command.
Magic scrolls do not work when you're silenced!
Okay, then.
Okay, then.
Magic scrolls do not work when you're silenced!
Magic scrolls do not work when you're silenced!
Magic scrolls do not work when you're silenced!
Magic scrolls do not work when you're silenced!
Magic scrolls do not work when you're silenced!
Magic scrolls do not work when you're silenced!
Magic scrolls do not work when you're silenced!
Magic scrolls do not work when you're silenced!
Magic scrolls do not work when you're silenced!
Magic scrolls do not work when you're silenced!
Magic scrolls do not work when you're silenced!
Aiming: Charm
Press: ? - help, Shift-Dir - straight line, f - water moccasin
Aim: a water moccasin (silenced, severely wounded, slow, chance to affect: 46%)
The water moccasin resists with some effort.
You die...
Your body rises from the dead as a mindless zombie.

#........#### #.# #.#
####.#.........####.#
###.#
........######...##.#
#....
####...##....##...#.#
#....
......##+.....#.....#
#....
##...##.#....S##..###
#....
...###..##....S#..#
#....
####...yy###'###..#
#####
#)+...yyy#$[SssS@.#
####y..yy###s###..#
...###yy##....s#.##
##...##y#...s.##.#
###..##+.....#..#
#####
##...##....##.##
#....
###..#..######..#
#.###
....##.........###
#.#
###.##.##........#
#.###


You could see a water moccasin (slow), 2 redbacks, a scorpion and an adder.

Vanquished Creatures
  Grinder (D:6)
  Sigmund (D:2)
  A redback (D:6)
  Eustachio (D:5)
  An acid dragon (D:7)
  A water moccasin (D:6)
  2 orc warriors
  A sky beast (D:5)
  A necrophage (D:7)
  A kobold brigand (D:7)
  A bullfrog (D:3)
  3 scorpions
  2 water moccasin skeletons (D:5)
  4 wights
  2 howler monkeys
  2 jellies (D:5)
  An orc priest (D:7)
  A bullfrog skeleton (D:5)
  2 iguanas
  8 adders
  An adder skeleton (D:4)
  2 worms
  2 dart slugs
  5 orcs
  A bat zombie (D:4)
  7 endoplasms
  3 giant cockroaches
  2 goblins
  3 jackals (D:3)
  3 quokkas
  5 ball pythons
  9 bats
  3 frilled lizards
  7 kobolds
  2 rats
92 creatures vanquished.

Notes
Turn   | Place    | Note
-------+----------+-------------------------------------------
     0 | D:5      | cbfl8 the Minotaur Delver began the quest for the Orb.
     0 | D:5      | Reached XP level 1. HP: 19/19 MP: 0/0
   113 | D:5      | Found Yshrus's General Store.
   147 | D:5      | Found a broken altar of Ashenzari.
   147 | D:5      | Noticed a jelly
   169 | D:5      | Reached XP level 2. HP: 13/27 MP: 1/1
   169 | D:5      | Reached XP level 3. HP: 16/33 MP: 2/2
   518 | D:4      | Found a hazy altar of Hepliaklqana.
   979 | D:4      | Found an ancient bone altar of Kikubaaqudgha.
  1183 | D:4      | Reached skill level 5 in Stealth
  1442 | D:3      | Reached XP level 4. HP: 40/40 MP: 3/3
  1451 | D:3      | Reached skill level 1 in Armour
  1469 | D:3      | Found a shimmering blue altar of Sif Muna.
  1713 | D:3      | Noticed a bullfrog
  1723 | D:3      | Killed a bullfrog
  1724 | D:3      | Reached XP level 5. HP: 41/47 MP: 4/4
  1847 | D:3      | Found a sacrificial altar of Ru.
  2018 | D:3      | Found a glowing golden altar of the Shining One.
  2113 | D:2      | Noticed Sigmund
  2126 | D:2      | Killed Sigmund
  2127 | D:2      | Reached skill level 2 in Armour
  2127 | D:2      | Reached skill level 1 in Shields
  2127 | D:2      | Reached XP level 6. HP: 36/55 MP: 5/5
  2450 | D:2      | Reached skill level 3 in Armour
  3319 | D:5      | Noticed a sky beast
  3341 | D:5      | Killed a sky beast
  3342 | D:5      | Reached skill level 5 in Fighting
  3342 | D:5      | Reached XP level 7. HP: 37/61 MP: 6/6
  3709 | D:5      | Reached skill level 4 in Armour
  4002 | D:5      | Found a shimmering altar of Xom.
  4069 | D:5      | Reached skill level 5 in Axes
  4091 | D:5      | Noticed Eustachio
  4124 | D:5      | Killed Eustachio
  4658 | D:5      | Reached skill level 5 in Armour
  4756 | D:5      | Reached skill level 1 in Short Blades
  5150 | D:6      | Found an opulent altar of Gozag.
  5256 | D:6      | Reached XP level 8. HP: 55/68 MP: 7/7
  5276 | D:6      | Reached skill level 6 in Armour
  5916 | D:6      | Found a radiant altar of Vehumet.
  5951 | D:6      | Found a runed translucent gate.
  5960 | D:6      | Found a runed translucent door.
  5961 | D:6      | Found a runed translucent gate.
  5968 | D:6      | Found the +9 staff of Olgreb {rPois∞}
  5972 | D:6      | Noticed Grinder
  5976 | D:6      | Found a runed translucent door.
  5983 | D:6      | Killed Grinder
  6004 | D:7      | Identified a scroll of acquirement
  6004 | D:7      | Acquired the ring "Quubb" {rN+ MP-9 Int+3 Slay+2}
  6438 | D:7      | Found a staircase to the Ecumenical Temple.
  6583 | Temple   | Entered the Ecumenical Temple
  6639 | Temple   | Became a worshipper of Yredelemnul the Dark
  6701 | D:7      | Reached skill level 7 in Armour
  7487 | D:6      | Found a runed translucent gate.
  7905 | D:6      | Reached skill level 5 in Short Blades
  7905 | D:6      | Reached XP level 9. HP: 53/75 MP: 0/8
  7911 | D:6      | HP: 1/75 [poisoned by a redback]
  7912 | D:6      | Succumbed to a redback's poison

Illustrated notes

Levels and vault maps discovered:
D:2:      layout_basic, dk_vineyard_3, chequers_garden,
          minmay_misc_feat_diagonals, st_stairs_10, corexii_hall_statues_i,
          amethyst_killhole, kennysheep_generic_room_6, uniq_sigmund
D:3:      layout_rooms, lemuel_crystal_altar, mainiacjoe_overflow_brackets,
          nicolae_tso_carved_into_rock
D:4:      layout_cave_pools, lemuel_zombie_altar_kikubaaqudgha,
          nicolae_overflow_hidden_temple, serial_park, serial_park_avenue1,
          serial_park_fountain
D:5:      layout_loops_corners, lemuel_round_altar, cheibrodos_ashenzari_chains,
          serial_shops, nicolae_lakefront_shop, uniq_eustachio
D:6:      layout_loops_corners, grunt_gozag_statues, lemuel_tele_altar,
          minmay_guarded_unrand_staff_of_olgreb, uniq_grinder
D:7:      layout_basic, minmay_temple_entry_offerings, serial_park_tiny_2,
          minmay_small_thing
Temple:   jpeg_temple_alley_garden

Skill      XL: |  1  2  3  4  5  6  7  8 |
---------------+-------------------------+-----
Fighting       | 4 5 6 |  6.2
Stealth        | 5 |  5.6
Armour         | 1 2 3 5 7 |  7.9
Axes           | 3 4 5 |  5.7
Dodging        | 3 |  3.2
Shields        | 1 2 4 |  4.3
Short Blades   | 2 5 |  5.2
Long Blades    | |  0.2

Action                   |  1- 3 |  4- 6 |  7- 9 || total
-------------------------+-------+-------+-------++-------
Melee: Hand axe          |    36 |   118 |    37 ||   191
       Headbutt          |     5 |    24 |    32 ||    61
       Rapier            |       |       |   118 ||   118
       Long sword        |       |       |    10 ||    10
Evoke: Wand              |       |       |     1 ||     1
  Use: Scroll            |     1 |     1 |     9 ||    11
       Potion            |       |     3 |     6 ||     9
 Stab: Sleeping          |     1 |       |       ||     1
Armor: Ring mail         |    10 |    10 |       ||    20
       Plate armour      |       |    71 |   134 ||   205
       Skin              |       |       |     4 ||     4
Dodge: Dodged            |    24 |    58 |    65 ||   147
Block: Buckler           |     5 |    42 |    64 ||   111
       Rpst.: Long sword |       |       |     1 ||     1
